 Dungeon Crawl Stone Soup version 0.30-a0-743-gbfdf073431 (webtiles) character file.

Game seed: 14827272946337560591

145798 hikkokomori the Severer (level 16, -2/156 HPs)
             Began as a Minotaur Gladiator on Feb 8, 2023.
             Was the Champion of Okawaru.
             Slain by an orc knight
             ... wielding a +0 bardiche
              (14 damage)
             ... on level 2 of the Elven Halls.
             The game lasted 00:50:45 (26895 turns).

hikkokomori the Severer (Minotaur Gladiator)       Turns: 26895, Time: 00:50:45

Health: -2/156     AC: 38    Str: 25    XL:     16   Next: 88%
Magic:  0/23       EV: 21    Int:  5    God:    Okawaru [******]
Gold:   1816       SH: 17    Dex: 19    Spells: 15/15 levels left

rFire   + + .      SeeInvis .    S - +6 broad axe (flame)
rCold   + + .      Faith    .    H - +2 kite shield {reflect}
rNeg    . . .      Spirit   +    O - +14 plate armour of Plog {rF+}
rPois   +          Reflect  +    Y - +0 hat of Sloth {Contam rC++ rCorr Dex+3}
rElec   +          Harm     .    (no cloak)
rCorr   +          Rampage  .    e - +2 pair of gloves of the Hills {rElec Will+}
Will    +++..      Clarity  +    b - +1 pair of boots
Stlth   +                        k - amulet of guardian spirit
HPRegen 0.46/turn                N - ring of Jaucsu {+Blink rPois rF+ Will+ Str+4}
MPRegen 0.18/turn                T - +5 ring of evasion

@: heroic, studying Polearms
A: horns 2, retaliatory headbutt, clarity, clumsy 1
a: Renounce Religion, Evoke Blink, Heroism, Finesse, Duel


You were on level 2 of the Elven Halls.
You worshipped Okawaru.
Okawaru was exalted by your worship.
You visited 5 branches of the dungeon, and saw 25 of its levels.
You visited 1 bazaar.
You also visited: Sewer, Gauntlet, Ice Cave and Volcano.

You collected 3744 gold pieces.
You spent 1928 gold pieces at shops.

Inventory:

Hand Weapons
 F - a +4 scimitar of flaming
 S - a +6 broad axe of flaming (weapon)
Missiles
 a - 10 atropa-tipped darts
 g - 5 throwing nets
 i - 10 javelins
 p - 6 silver javelins
 W - 4 curare-tipped darts
Armour
 b - a +1 pair of boots (worn)
 e - the +2 pair of gloves of the Hills (worn) {rElec Will+}
   (Okawaru gifted it to you on level 5 of the Lair of Beasts)

   rElec:     It insulates you from electricity.
   Will:      It increases your willpower.
 t - a scarf of repulsion
 v - a +0 cloak
 G - the +6 ring mail of Jywkuwk {Contam Will+++ Dex+4}
   (You found it on level 6 of the Dungeon)

   Dex:       It affects your dexterity (+4).
   Contam:    It causes magical contamination when unequipped.
   Will:      It greatly increases your willpower.
 H - a +2 kite shield of reflection (worn)
 O - the +14 plate armour of Plog (worn) {rF+}
   (You took it off a minotaur in a Gauntlet)

   rF:        It protects you from fire.
 Y - the +0 hat of Sloth (worn) {Contam rC++ rCorr Dex+3}
   (Okawaru gifted it to you on level 2 of the Elven Halls)

   Dex:       It affects your dexterity (+3).
   rC:        It greatly protects you from cold.
   Contam:    It causes magical contamination when unequipped.
   rCorr:     It protects you from acid and corrosion.
Jewellery
 k - an amulet of guardian spirit (around neck)
 r - a +4 ring of protection
 N - the ring of Jaucsu (left hand) {+Blink rPois rF+ Will+ Str+4}
   (You took it off a minotaur in a Gauntlet)

   [ring of protection from fire]

   Str:       It affects your strength (+4).
   rF:        It protects you from fire.
   rPois:     It protects you from poison.
   +Blink:    It lets you blink.
   Will:      It increases your willpower.
 T - a +5 ring of evasion (right hand)
Wands
 y - a wand of quicksilver (5)
 K - a wand of flame (67) (quivered)
 L - a wand of iceblast (5)
Scrolls
 l - 10 scrolls of teleportation
 m - 2 scrolls of blinking
 o - 5 scrolls of fear
 u - 4 scrolls of enchant armour
 B - 3 scrolls of immolation
 E - 3 scrolls of amnesia
 I - a scroll of silence
 M - 5 scrolls of fog
 Q - 2 scrolls of torment
 R - 5 scrolls of poison
 V - 8 scrolls of identify
 X - a scroll of brand weapon
Potions
 d - 2 potions of invisibility
 f - 8 potions of resistance
 h - a potion of magic
 j - 5 potions of heal wounds
 n - 4 potions of haste
 q - 4 potions of brilliance
 s - 15 potions of curing
 w - 3 potions of ambrosia
 z - 2 potions of berserk rage
 A - 4 potions of mutation
 C - 9 potions of attraction
 D - 4 potions of might
 J - 3 potions of cancellation
 U - 3 potions of flight
Miscellaneous
 c - a tin of tremorstones (2/2)
 x - a lightning rod (4/4)


   Skills:
 + Level 17.6(22.6) Fighting
 + Level 17.8(22.8) Axes
 - Level 4.4(9.4) Throwing
 + Level 12.5(17.5) Armour
 - Level 12.1(17.1) Dodging
 - Level 8.9(13.9) Stealth
 + Level 11.6(16.6) Shields
 + Level 11.7 Invocations


You had 15 spell levels left.
You didn't know any spells.
Your spell library contained the following spells:

 Spells                   Type           Power      Damage    Failure   Level
 Apportation              Tloc           0%         N/A       99%         1
 Freeze                   Ice            0%         1d3       99%         1
 Kiss of Death            Conj/Necr      0%         2d5       99%         1
 Necrotise                Necr           0%         1d4       99%         1
 Slow                     Hex            0%         N/A       99%         1
 Sting                    Tmut/Pois      0%         1d3       99%         1
 Blink                    Tloc           0%         N/A       100%        2
 Lesser Beckoning         Tloc           0%         N/A       100%        2
 Momentum Strike          Conj/Tloc      0%         3d8       100%        2
 Poisonous Vapours        Pois/Air       0%         N/A       100%        2
 Confusing Touch          Hex            0%         N/A       100%        3
 Frozen Ramparts          Ice            0%         1d1       100%        3
 Hailstorm                Conj/Ice       0%         3d3       100%        3
 Vampiric Draining        Necr           0%         2d6       100%        3
 Dispel Undead            Necr           0%         3d6       100%        4
 Manifold Assault         Tloc           0%         N/A       100%        4
 Olgreb's Toxic Radiance  Pois           0%         N/A       100%        4
 Petrify                  Tmut/Erth      0%         N/A       100%        4
 Metabolic Englaciation   Hex/Ice        0%         N/A       100%        5
 Dispersal                Tloc           0%         N/A       100%        6
 Statue Form              Tmut/Erth      0%         N/A       100%        6
 Disjunction              Tloc           0%         N/A       100%        8
 Summon Small Mammal      Summ           Unusable   N/A       N/A         1

Dungeon Overview and Level Annotations

Branches:
Dungeon (15/15)            Temple (1/1) D:4            Lair (5/5) D:8
  Swamp (0/4) Lair:2       Spider (0/4) Lair:3        Slime (0/5) Lair:5
    Orc (2/2) D:10            Elf (2/3) Orc:2        Vaults (0/5) D:13
 Depths (0/4) D:15          Sewer (visited)           IceCv (visited)
Volcano (visited)         Gauntlet (visited)

Altars:
Ashenzari
Cheibriados
Dithmenos
Elyvilon
Fedhas
Gozag
Hepliaklqana
Kikubaaqudgha
Makhleb
Nemelex Xobeh
Okawaru
Qazlal
Ru
Sif Muna
Trog
Uskayaw
Vehumet
Wu Jian
Xom
Yredelemnul
Zin
The Shining One

Shops:
D:2 !   D:5 !   D:7 [   D:10 *(   Orc:1 (   Orc:2 ?*([:   Elf:1 *

Annotations:
D:3 3 runed translucent doors, Chaicat's ghost, weakling MiFi
D:7 1 runed translucent door, oldmanjim's ghost, novice DjCj
D:11 3 runed translucent doors, monoptic's ghost, journeyman TrBe
Elf:2 3 runed translucent doors


Innate Abilities, Weirdness & Mutations

You have a pair of horns on your head.
You reflexively headbutt those who attack you in melee.
You possess an exceptional clarity of mind.
You are clumsy. (Dex -2)


Message History

You block the orc knight's attack.
You closely miss the orc knight. You headbutt the orc knight!
The orc knight is severely wounded.
The orc priest no longer looks unusually strong.
The orc priest calls down the wrath of Beogh upon you.
Beogh smites you!
* * * LOW HITPOINT WARNING * * *
You block the orc knight's attack. The orc knight barely misses you.
You closely miss the orc knight.
The orc knight is severely wounded.
You hit the orc knight but do no damage.
You headbutt the orc knight.
The orc knight is severely wounded.
The orc knight no longer looks unusually strong.
The orc priest calls down the wrath of Beogh upon you.
Beogh smites you!
* * * LOW HITPOINT WARNING * * *
The orc knight misses you. You block the orc knight's attack.
You hit the orc knight. You burn the orc knight.
You headbutt the orc knight, but do no damage.
The orc knight is severely wounded.
The orc knight hits you with a +0 battleaxe.
* * * LOW HITPOINT WARNING * * *
You block the orc knight's attack.
You closely miss the orc knight.
The orc knight is severely wounded.
The orc knight roars a battlecry!
The orcs go into a battle-frenzy!
You block the orc knight's attack.
You closely miss the orc knight.
The orc knight is severely wounded.
The orc knight roars a battlecry!
The orc knight hits you with a +0 battleaxe!!
* * * LOW HITPOINT WARNING * * *
You feel much better.
The orc priest no longer looks unusually strong.
The orc knight hits you with a +0 battleaxe!
* * * LOW HITPOINT WARNING * * *
The orc knight hits you from afar with a +0 bardiche!
You die...

##### ##### #### ######
##...###...####..##
.....####.....#.....##....##
........#............#.....##
##......'.....#..########...#
##''##..#....###@#ooo...#...#
#(...#..###### #o#ooo...#...#
.(...#..# #)o..oo..#...#
.....+..# ###oooo..#...#
.....+..# oo.o..#...#
.....#.## oo....#.).#
.....#.# ########...#
#....#'## #...'......#
...)....# #...'......#


You could see 2 orc knights, an orc warrior (strong) and 3 orc priests.

Vanquished Creatures
  Rupert (D:15)
  Jorgrun (Elf:1)
  Donald (Orc:2)
  A balrug (Gauntlet)
  Louise (Elf:2)
  2 orc warlords
  Nessos (D:14)
  A deep elf demonologist (Elf:1)
  A minotaur (Gauntlet)
  Josephine (Orc:1)
  A deep elf death mage (Elf:1)
  2 fire dragons
  An ogre mage (D:11)
  4 hydras
  A catoblepas (Lair:5)
  7 two-headed ogres
  Erica (Lair:2)
  4 boulder beetles
  2 centaur warriors
  15 dancing weapons
  An alligator (shapeshifter) (D:14)
  A tengu warrior (D:14)
  Urug (D:13)
  5 orc high priests (Orc:2)
  10 deep elf knights
  4 sun demons (Volcano)
  Sonja (Lair:3)
  Lodul (D:14)
  6 deep elf archers
  A wizard (D:14)
  5 orc knights
  A lindwurm (Lair:5)
  17 deep elf zephyrmancers
  2 necromancers
  25 deep elf pyromancers
  5 manticores
  13 ugly things
  7 orc sorcerers
  7 black mambas
  3 cyclopes
  2 centaur zombies (D:15)
  2 ice statues (IceCv)
  2 smoke demons (Volcano)
  15 elephants
  5 cane toads
  4 torpor snails
  A naga mage (D:15)
  2 gargoyles
  A centaur skeleton (D:15)
  3 molten gargoyles (Lair:5)
  2 rime drakes (Lair:2)
  2 efreet
  2 kobold demonologists
  18 komodo dragons
  10 trolls
  4 polar bears
  A harpy zombie (D:15)
  2 hornets (D:8)
  23 blink frogs
  A jumping spider (Lair:3)
  16 dream sheep
  7 slime creatures
  Sigmund (D:2)
  A shapeshifter (Elf:1)
  2 spriggans (shapeshifter)
  2 air elementals (Elf:2)
  A culicivora (Lair:3)
  6 wraiths
  A yak (shapeshifter) (D:12)
  2 water elementals (Elf:1)
  4 shadows
  3 fire elementals (Elf:1)
  13 wyverns
  54 yaks
  22 humans
  3 vampire mosquitoes (D:13)
  Grum (Lair:1)
  8 basilisks
  A redback (Lair:3)
  5 steam dragons
  A death yak simulacrum (IceCv)
  3 wargs
  Edmund (D:6)
  3 acid dragons
  12 water moccasins
  8 hell hounds
  35 orc warriors
  3 sky beasts
  2 black bears
  Pargi (Sewer)
  A black bear (shapeshifter) (D:14)
  17 ogres
  2 ice beasts
  18 wolves
  9 centaurs
  A phantom (D:6)
  3 kobold brigands
  19 bullfrogs
  3 gnoll sergeants
  A necrophage (D:7)
  An earth elemental (Elf:2)
  4 scorpions
  2 wights (D:9)
  11 killer bees
  A vampire bat (D:5)
  10 howler monkeys
  5 electric eels
  5 lava snakes (Lair:5)
  6 jellies
  11 orc priests
  7 hounds
  4 iguanas
  21 orc wizards
  2 polar bear simulacra (IceCv)
  A boggart skeleton (D:15)
  16 gnolls
  9 adders
  A shadow imp (D:8)
  12 white imps (Orc:2)
  2 ufetubi (D:5)
  2 worms
  5 dart slugs
  3 fire bats (D:5)
  59 orcs
  2 spectral bats (D:5)
  16 bats
  3 bat skeletons (D:5)
  3 bat zombies
  9 endoplasms
  4 giant cockroaches
  33 goblins
  23 hobgoblins
  2 jackals (D:3)
  4 quokkas
  5 ball pythons
  A bat simulacrum (D:5)
  A frilled lizard (D:2)
  24 kobolds
  10 rats
903 creatures vanquished.

Vanquished Creatures (others)
  A boulder beetle (D:9)
  A tengu warrior (D:9)
  A deep elf knight (Elf:1)
  20 demonic plants (Gauntlet)
  43 fungi
  30 plants
  5 toadstools (D:1)
  7 withered plants (D:1)
108 creatures vanquished.

Grand Total: 1011 creatures vanquished

Notes
Turn   | Place    | Note
-------+----------+-------------------------------------------
     0 | D:1      | hikkokomori the Minotaur Gladiator began the quest for the
                  | Orb.
     0 | D:1      | Reached XP level 1. HP: 18/18 MP: 0/0
   252 | D:1      | Reached XP level 2. HP: 24/25 MP: 1/1
   314 | D:1      | Found a faded altar of an unknown god.
   454 | D:1      | Reached skill level 1 in Stealth
   505 | D:1      | Reached XP level 3. HP: 31/31 MP: 2/2
  1235 | D:2      | Noticed Sigmund
  1476 | D:2      | Killed Sigmund
  1477 | D:2      | Reached skill level 5 in Axes
  1477 | D:2      | Reached XP level 4. HP: 10/40 MP: 3/3
  1477 | D:2      | Reached XP level 5. HP: 11/46 MP: 4/4
  1846 | D:2      | Found Jopsasm's Distillery.
  1860 | D:2      | Bought a potion of curing for 36 gold pieces
  2281 | D:3      | Reached XP level 6. HP: 38/52 MP: 5/5
  2636 | D:3      | Found a runed translucent gate.
  2636 | D:3      | Found a runed translucent gate.
  2636 | D:3      | Found a runed translucent gate.
  2640 | D:3      | Noticed Chaicat's ghost (weakling MiFi)
  2965 | D:4      | Found a staircase to the Ecumenical Temple.
  2985 | Temple   | Entered the Ecumenical Temple
  3248 | Temple   | Became a worshipper of Warmaster Okawaru
  3308 | D:4      | Found a shimmering altar of Xom.
  3491 | D:4      | Found a glowing drain.
  3498 | Sewer    | Entered a sewer
  3536 | Sewer    | Reached skill level 5 in Dodging
  3595 | Sewer    | Noticed Pargi
  3600 | Sewer    | Killed Pargi
  3735 | D:4      | Reached skill level 5 in Fighting
  3735 | D:4      | Reached XP level 7. HP: 61/61 MP: 6/6
  3783 | D:4      | Found a glowing silver altar of Zin.
  3854 | D:4      | Found a hazy altar of Hepliaklqana.
  4121 | D:4      | Reached skill level 1 in Invocations
  4503 | D:5      | Entered Level 5 of the Dungeon
  4599 | D:5      | Reached * piety under Okawaru
  4823 | D:5      | Reached XP level 8. HP: 41/70 MP: 8/8
  5344 | D:5      | Reached ** piety under Okawaru
  5347 | D:5      | Found Cakayts's Distillery.
  5648 | D:6      | Identified the +6 ring mail of Jywkuwk {Contam Will+++
                  | Dex+4}
  5960 | D:6      | Reached skill level 5 in Stealth
  6253 | D:6      | Reached XP level 9. HP: 79/79 MP: 11/11
  6302 | D:6      | Noticed Edmund
  6310 | D:6      | Killed Edmund
  6672 | D:7      | Reached skill level 1 in Armour
  6764 | D:7      | Reached *** piety under Okawaru
  6775 | D:7      | Found Loapnyo's Armour Shoppe.
  6810 | D:6      | Received a gift from Okawaru
  7108 | D:7      | Found a runed translucent door.
  7110 | D:7      | Noticed oldmanjim's ghost (novice DjCj)
  7488 | D:8      | Reached **** piety under Okawaru
  7488 | D:8      | Received a gift from Okawaru
  7489 | D:8      | Reached XP level 10. HP: 77/90 MP: 12/12
  7856 | D:8      | Reached skill level 5 in Armour
  7863 | D:8      | Found a staircase to the Lair.
  8385 | Lair:1   | Entered Level 1 of the Lair of Beasts
  8394 | Lair:1   | Noticed an elephant
  8396 | Lair:1   | Noticed an elephant
  8397 | Lair:1   | Noticed an elephant
  8409 | Lair:1   | Killed an elephant
  8413 | Lair:1   | Killed an elephant
  8414 | Lair:1   | Reached skill level 10 in Axes
  8414 | Lair:1   | Killed an elephant
  8532 | Lair:1   | Reached ***** piety under Okawaru
  8622 | Lair:1   | Noticed Grum
  8637 | Lair:1   | Killed Grum
  9175 | Lair:1   | Reached skill level 10 in Fighting
  9175 | Lair:1   | Reached XP level 11. HP: 77/99 MP: 13/13
  9617 | Lair:2   | Received a gift from Okawaru
  9675 | Lair:2   | Noticed a six-headed hydra
 10108 | Lair:2   | Noticed Erica
 10119 | Lair:2   | Killed Erica
 10119 | Lair:2   | Identified the +3 kite shield of the Desert {Str+4}
                  | (Okawaru gifted it to you on level 2 of the Lair of Beasts)
 10119 | Lair:2   | Received a gift from Okawaru
 10220 | Lair:2   | Found a staircase to the Swamp.
 10237 | Lair:2   | Reached ****** piety under Okawaru
 10435 | Lair:2   | Killed a two-headed hydra
 10918 | Lair:3   | Reached XP level 12. HP: 93/110 MP: 14/14
 11430 | Lair:3   | Reached skill level 10 in Dodging
 11812 | Lair:3   | Noticed Sonja
 11817 | Lair:3   | Killed Sonja
 11951 | Lair:3   | Found a hole to the Spider Nest.
 11967 | Lair:3   | Identified the +7 falchion of Okawaru's Wrath {heavy,
                  | Int+4} (Okawaru gifted it to you on level 3 of the Lair of
                  | Beasts)
 11967 | Lair:3   | Received a gift from Okawaru
 12083 | Lair:3   | Noticed an eight-headed hydra
 12094 | Lair:3   | Killed a three-headed hydra
 12766 | Lair:4   | Found a dark tunnel.
 12776 | Volcano  | Entered a volcano
 12815 | Volcano  | Received a gift from Okawaru
 13127 | Volcano  | Reached XP level 13. HP: 44/119 MP: 12/15
 13357 | Volcano  | Noticed a fire dragon
 13370 | Volcano  | Killed a fire dragon
 13888 | Lair:4   | Reached skill level 5 in Invocations
 14594 | Lair:5   | Entered Level 5 of the Lair of Beasts
 14633 | Lair:5   | Identified the +2 pair of gloves of the Hills {rElec Will+}
                  | (Okawaru gifted it to you on level 5 of the Lair of Beasts)
 14633 | Lair:5   | Received a gift from Okawaru
 14652 | Lair:5   | Found a staircase to the Slime Pits.
 14967 | Lair:5   | Reached skill level 1 in Shields
 15543 | Lair:5   | Received a gift from Okawaru
 15544 | Lair:5   | Reached XP level 14. HP: 123/132 MP: 18/18
 15720 | Lair:5   | Received a gift from Okawaru
 15898 | Lair:5   | Found a large runed translucent door.
 15966 | Lair:5   | Found a large runed translucent door.
 16738 | D:9      | Found an ancient bone altar of Kikubaaqudgha.
 16831 | D:9      | Found a shadowy altar of Dithmenos.
 16962 | D:9      | Found a shimmering blue altar of Sif Muna.
 17206 | D:9      | Reached skill level 5 in Shields
 17654 | D:10     | Entered Level 10 of the Dungeon
 17654 | D:10     | Found Beuwasu's Elemental Accessories.
 17680 | D:10     | Found a bloodstained altar of Trog.
 17729 | D:10     | Found a stormy altar of Qazlal.
 17751 | D:10     | Found a staircase to the Orcish Mines.
 17821 | D:10     | Found Bainaesu's Weapon Emporium.
 17940 | D:10     | Reached skill level 15 in Axes
 18050 | D:10     | Found a blossoming altar of Fedhas.
 18567 | D:11     | Received a gift from Okawaru
 18690 | D:11     | Reached skill level 15 in Fighting
 18741 | D:11     | Found a runed translucent gate.
 18742 | D:11     | Found a runed translucent gate.
 18743 | D:11     | Found a runed translucent gate.
 18828 | D:11     | Found an iron altar of Okawaru.
 18916 | D:11     | Noticed monoptic's ghost (journeyman TrBe)
 19716 | D:13     | Found a gate to the Vaults.
 19719 | D:13     | Noticed Urug
 19756 | D:13     | Killed Urug
 19928 | D:13     | Found a gate leading to a gauntlet.
 19935 | Gauntlet | Entered a Gauntlet
 19935 | Gauntlet | Found a runed translucent gate.
 19935 | Gauntlet | Found a transporter.
 19935 | Gauntlet | Found a transporter.
 19935 | Gauntlet | Found a transporter.
 19937 | Gauntlet | Found a transporter.
 19938 | Gauntlet | Found a runed translucent gate.
 19938 | Gauntlet | Found a transporter.
 19939 | Gauntlet | Found a runed translucent gate.
 19941 | Gauntlet | Found a transporter.
 19947 | Gauntlet | Found a transporter.
 19956 | Gauntlet | Found a transporter.
 19957 | Gauntlet | Found a transporter.
 19959 | Gauntlet | Found a transporter.
 19966 | Gauntlet | Noticed a balrug
 19967 | Gauntlet | Found a transporter.
 19968 | Gauntlet | Found a transporter.
 20158 | Gauntlet | Killed a balrug
 20167 | Gauntlet | Identified the ring "Kubuulekh" {Wiz +Blink rC+}
 20397 | Gauntlet | Found the +3 salamander hide armour {Flames, rFlCloud rF++
                  | rC--}
 20397 | Gauntlet | Identified the +14 plate armour of Plog {rF+}
 20397 | Gauntlet | Identified the ring of Jaucsu {+Blink rPois rF+ Will+
                  | Str+4}
 20425 | Gauntlet | Reached XP level 15. HP: 99/141 MP: 13/20
 20649 | D:13     | Received a gift from Okawaru
 20804 | D:13     | Gained mutation: Armour fits poorly on your strangely
                  | shaped body. [mutagenic glow]
 20813 | D:13     | Lost mutation: Armour fits poorly on your strangely shaped
                  | body. [potion of mutation]
 20813 | D:13     | Gained mutation: You possess an exceptional clarity of
                  | mind. [potion of mutation]
 20813 | D:13     | Gained mutation: You are clumsy. (Dex -2) [potion of
                  | mutation]
 21392 | D:14     | Noticed Nessos
 21412 | D:14     | Killed Nessos
 21651 | D:14     | Noticed Lodul
 21660 | D:14     | Killed Lodul
 22089 | D:15     | Entered Level 15 of the Dungeon
 22347 | D:15     | Noticed Rupert
 22359 | D:15     | Killed Rupert
 22359 | D:15     | Received a gift from Okawaru
 22650 | D:15     | Reached skill level 10 in Armour
 22677 | D:15     | Found a staircase to the Depths.
 22861 | D:15     | Received a gift from Okawaru
 22862 | D:15     | Reached skill level 10 in Invocations
 23091 | Orc:1    | Entered Level 1 of the Orcish Mines
 23108 | Orc:1    | Noticed Josephine
 23123 | Orc:1    | Killed Josephine
 23231 | Orc:1    | Found a burning altar of Makhleb.
 23345 | Orc:1    | Found Zacec's Weapon Shoppe.
 23363 | Orc:2    | Entered Level 2 of the Orcish Mines
 23366 | Orc:2    | Found Qozexeg's Antique Armour Shop.
 23397 | Orc:2    | Identified the +7 plate armour of the Orcish Mines {rC+
                  | Str-5 Int+3} (Okawaru gifted it to you on level 2 of the
                  | Orcish Mines)
 23397 | Orc:2    | Received a gift from Okawaru
 23466 | Orc:2    | Bought a pair of glowing boots for 240 gold pieces
 23555 | Orc:2    | Found Ninafur's Antique Weapon Shop.
 23566 | Orc:2    | Noticed Donald
 23584 | Orc:2    | Killed Donald
 23762 | Orc:2    | Found Onosk's General Store.
 23806 | Orc:2    | Found a frozen archway.
 23829 | IceCv    | Entered an ice cave
 23841 | IceCv    | Found a transporter.
 23848 | IceCv    | Found a transporter.
 24053 | Orc:2    | Found Ibaeses's Magic Scroll Boutique.
 24133 | Orc:2    | Found Rukovo's Book Shop.
 24321 | Orc:2    | Found a staircase to the Elven Halls.
 24408 | Orc:2    | Bought a scroll of acquirement for 728 gold pieces
 24408 | Orc:2    | Acquired 781 gold pieces
 24410 | Orc:2    | Bought a potion of curing for 42 gold pieces
 24431 | Elf:1    | Entered Level 1 of the Elven Halls
 24657 | Elf:1    | Found an ancient bone altar of Kikubaaqudgha.
 24735 | Elf:1    | Found Lozugoth's General Store.
 24764 | Elf:1    | Reached skill level 10 in Shields
 24764 | Elf:1    | Reached XP level 16. HP: 132/152 MP: 18/22
 24884 | Elf:1    | Bought a scroll of enchant weapon for 120 gold pieces
 24926 | Elf:1    | Noticed Jorgrun
 24943 | Elf:1    | Killed Jorgrun
 24960 | Elf:1    | Identified the +1 hand axe "Secret Weapon" {freeze, Dex+4}
                  | (Okawaru gifted it to you on level 1 of the Elven Halls)
 24960 | Elf:1    | Received a gift from Okawaru
 25946 | Elf:2    | Identified the +0 hat of Sloth {Contam rC++ rCorr Dex+3}
                  | (Okawaru gifted it to you on level 2 of the Elven Halls)
 25946 | Elf:2    | Received a gift from Okawaru
 26043 | Elf:2    | Found a gateway to a bazaar.
 26068 | Bazaar   | Entered a bazaar
 26070 | Bazaar   | Found Goimucky's Book Boutique.
 26074 | Bazaar   | Found Xaustiov's Weapon Boutique.
 26074 | Bazaar   | Found Fash's Book Boutique.
 26075 | Bazaar   | Found Koad's Distillery.
 26105 | Bazaar   | Bought a book of the Warp for 378 gold pieces
 26117 | Bazaar   | Bought a potion of curing for 36 gold pieces
 26117 | Bazaar   | Bought a potion of curing for 36 gold pieces
 26117 | Bazaar   | Bought 2 potions of cancellation for 192 gold pieces
 26117 | Bazaar   | Bought a potion of resistance for 120 gold pieces
 26258 | Elf:2    | Paralysed by an air elemental for 1 turns
 26611 | Elf:2    | Found a runed translucent gate.
 26612 | Elf:2    | Found a runed translucent gate.
 26612 | Elf:2    | Found a runed translucent gate.
 26667 | Elf:2    | Noticed Louise
 26686 | Elf:2    | Killed Louise
 26894 | Elf:2    | HP: 6/156 [orc knight/+0 battleaxe (24)]
 26895 | Elf:2    | Slain by an orc knight

Illustrated notes

Levels and vault maps discovered:
D:1:      ldierk_walled_garden, layout_loops_ring,
          shapermc_ecumenical_altar_flowoftime
D:2:      layout_basic, serial_shops, shop, st_stairs_3,
          chequers_serial_rivers_room_b, kennysheep_nub, uniq_sigmund
D:3:      layout_basic, ebering_ghost_rock_garden, solitary_fountain,
          kennysheep_nondescript, chequers_serial_rivers_micro_a,
          corexii_hall_statues_l
D:4:      minmay_goblin_kobold_castle, layout_rooms, zin_statuary,
          kennysheep_mini, nzn_hepliaklqana_mist_gate,
          minmay_temple_entry_crystal_x, gup_sewer_entry_bubbles
D:5:      nicolae_cairo_tiling_large_dashed, layout_cave_pools, serial_shops,
          nicolae_shop_crystal, goddamned_bats
D:6:      layout_loops_corners, uniq_edmund
D:7:      layout_basic, serial_shops, nicolae_shop_advertising_works
          [nicolae_subvault_shop_adworks], gammafunk_ghost_grave,
          minmay_ruffians
D:8:      layout_basic, erik_lair_island
D:9:      nzn_winding_woodlands_medium [nzn_winding_woodlands_5x5_closed_star,
          nzn_winding_woodlands_5x15_twine, nzn_winding_woodlands_5x5_cross,
          nzn_winding_woodlands_hourglass,
          nzn_winding_woodlands_center_triple_pond,
          nzn_winding_woodlands_5x5_three,
          nzn_winding_woodlands_5x5_checkerboard,
          nzn_winding_woodlands_5x15_garden,
          nzn_winding_woodlands_5x5_open_star], layout_loops_ring,
          lemuel_zombie_altar_kikubaaqudgha, grunt_dithmenos_smoke_and_mirrors,
          nicolae_sif_muna_condensation, kennysheep_generic_room_13
D:10:     layout_grid_maze, nicolae_qazlal_scattered_showers,
          trog_three_pillars_becter, general_overflow_altar, david_orc_3,
          serial_shops, nicolae_shop_trees, nicolae_elemental_shop
D:11:     minmay_curly_fans, layout_cave_pools, gammafunk_ghost_spectres,
          serial_park_tiny_2, okawaru_humans
D:12:     layout_basic, minmay_misc_feat_more_columns
D:13:     layout_grid_maze, david_vaults_3, gauntlet_entry_generic
D:14:     layout_roguey, corexii_hall_statues_i, uniq_lodul, uniq_nessos
D:15:     grunt_enter_depths_magical_seal, layout_irregular_city,
          nicolae_twisting_strands, uniq_rupert
Temple:   oiseaux_autumnal_temple
Lair:1:   layout_cave_pods, chequers_serial_rivers_small_b, uniq_grum
Lair:2:   layout_chaotic_city, swamp_mist, serial_bayou_pond_b, uniq_erica
Lair:3:   layout_hall_layers, spider_nest_entry_funnel_web,
          pdpol_lair_cavern_descent, infiniplex_staircase_pool,
          grunt_megastairs_2, uniq_sonja
Lair:4:   layout_gridlike, lightli_volcano_entry_magma_tube
Lair:5:   cheibrodos_lair_end_hotspot, layout_long_grid,
          nicolae_slime_entry_field_trip
Orc:1:    layout_caves, serial_shops, shop, bloody_makhleb, uniq_josephine
Orc:2:    grunt_orc_gardens, layout_caves, grunt_orc_garden, grunt_orc_garden,
          grunt_orc_garden, grunt_orc_garden, portal_ice_cave_entry_imps,
          serial_shops, nicolae_lakefront_shop, uniq_donald
Elf:1:    layout_loops_cross, basic_altar, serial_shops, nicolae_shop_trees,
          minmay_elf_crystal_hexagon, amcnicky_mini_pool_small, uniq_jorgrun
Elf:2:    nicolae_elf_blades_crystal_corner, layout_gridlike, serial_shops,
          bzr_entry_customers, special_room [special_room_orc], uniq_louise

Skill      XL: |  1  2  3  4  5  6  7  8  9 10 11 12 13 14 15 16 |
---------------+-------------------------------------------------+-----
Axes           | 4 5 6 7 9 10 11 12 14 15 16 17 | 17.8
Stealth        | 1 2 3 4 5 6 7 8 |  8.9
Fighting       | 3 4 5 6 7 8 10 11 12 14 15 16 17 | 17.6
Dodging        | 4 5 6 8 9 11 12 | 12.1
Invocations    | 2 4 7 9 10 11 | 11.7
Armour         | 4 6 8 9 11 12 | 12.5
Throwing       | 4 |  4.4
Shields        | 3 7 10 11 | 11.6

Action                     |  1- 3 |  4- 6 |  7- 9 | 10-12 | 13-15 | 16-18 || total
---------------------------+-------+-------+-------+-------+-------+-------++-------
  Melee: War axe           |    94 |   102 |   290 |    36 |       |       ||   522
         Headbutt          |    14 |    15 |    58 |    87 |   298 |    83 ||   555
         Punch             |       |     1 |     6 |     1 |       |       ||     8
         Battleaxe         |       |       |       |   344 |   422 |       ||   766
         Scimitar          |       |       |       |    11 |     4 |       ||    15
         Broad axe         |       |       |       |       |   729 |   306 ||  1035
  Throw: Throwing net      |     3 |       |       |       |       |       ||     3
         Javelin           |     1 |       |     1 |       |       |       ||     2
         Dart              |       |       |       |       |     1 |       ||     1
 Invoke: Heroism           |       |       |     1 |     6 |    10 |     2 ||    19
         Finesse           |       |       |       |     1 |     2 |     1 ||     4
  Evoke: Wand              |       |       |       |    10 |     1 |     2 ||    13
    Use: Potion            |     6 |       |       |     1 |     2 |     1 ||    10
         Scroll            |       |     7 |     6 |    10 |     5 |     5 ||    33
   Stab: Sleeping          |     5 |     7 |    11 |     9 |     6 |       ||    38
         Distracted        |       |       |       |     1 |     8 |       ||     9
 Armour: Leather armour    |    14 |       |       |       |       |       ||    14
         Robe              |       |    55 |    94 |       |       |       ||   149
         Ring mail         |       |       |    87 |   234 |   195 |       ||   516
         Plate armour      |       |       |       |       |   158 |   136 ||   294
  Dodge: Dodged            |    57 |    97 |   330 |   528 |   917 |   100 ||  2029
  Block: Kite shield       |       |       |       |       |   457 |   144 ||   601
         Reflection        |       |       |       |       |       |    17 ||    17

Table legend: (Time is in decaauts)
 A = Elapsed time spent in this place.
 B = Non-inter-level travel time spent in this place.
 C = Inter-level travel time spent in this place.
 D = Time resting spent in this place.
 E = Time spent auto-exploring this place.
 F = Levels seen in this place.
 G = Mean time per level.
                   A        B        C        D        E       F      G
               +--------+--------+--------+--------+--------+-----+--------+
         Total |  26936 |  25660 |   1276 |   1273 |  18659 |  30 |  897.9 |
       Dungeon |  14155 |  13472 |    683 |    455 |  10390 |  15 |  943.7 |
        Temple |    308 |    261 |     47 |      0 |    248 |   1 |  308.0 |
          Lair |   7342 |   6982 |    360 |    531 |   5004 |   5 | 1468.4 |
  Orcish Mines |   1438 |   1283 |    155 |      0 |    882 |   2 |  719.0 |
   Elven Halls |   2107 |   2078 |     29 |     82 |   1450 |   2 | 1053.5 |
        Bazaar |     70 |     70 |      0 |      0 |     27 |   1 |   70.0 |
         Sewer |    131 |    131 |      0 |      0 |     89 |   1 |  131.0 |
      Ice Cave |     91 |     91 |      0 |      0 |      0 |   1 |   91.0 |
       Volcano |    687 |    687 |      0 |      0 |    463 |   1 |  687.0 |
      Gauntlet |    603 |    603 |      0 |    205 |    105 |   1 |  603.0 |
               +--------+--------+--------+--------+--------+-----+--------+

Top non-repeatable levels by time:
  Lair:3: 2017 daAuts
  Lair:5: 1662 daAuts
     D:9: 1266 daAuts
  Lair:1: 1262 daAuts
   Elf:1: 1241 daAuts
  Lair:4: 1238 daAuts
     D:8: 1206 daAuts
     D:4: 1174 daAuts
  Lair:2: 1161 daAuts
     D:1: 1159 daAuts
     D:5: 1143 daAuts
     D:6: 1117 daAuts
     D:2: 1099 daAuts
   Orc:2: 1068 daAuts
    D:13: 954 daAuts
